% Time on Ice - KANSAS CITY KILLERBEES
Lines # - Real PCT - Wanted PCT - Time Play
Normal Forward
1 - 31% - 33% - 15:37
2 - 30% - 32% - 15:15
3 - 27% - 27% - 13:38
4 - 13% - 8% - 6:30
Normal Defense
1 - 37% - 37% - 18:37
2 - 36% - 37% - 18:35
3 - 27% - 25% - 13:48
4 - 0% - 1% - 0:00
PP Forward
1 - 59% - 55% - 2:20
2 - 41% - 45% - 1:38
PP Defense
1 - 51% - 50% - 2:01
2 - 49% - 50% - 1:57
PK Forward
1 - 67% - 55% - 3:22
2 - 33% - 45% - 1:40
PK Defense
1 - 57% - 50% - 2:51
2 - 43% - 50% - 2:11
PK3 Forward
1 - 0% - 55%
2 - 0% - 45%
PK3 Defense
1 - 0% - 50%
2 - 0% - 50%
44 Forward
1 - 0% - 55%
2 - 0% - 45%
44 Defense
1 - 0% - 50%
2 - 0% - 50%
Last Minute Offensive  - 0:00
Last Minute Defensive  - 0:00
Total
Forward - 60:00
Defense - 60:00
% Time on Ice - PHOENIX MUSTANGS
Lines # - Real PCT - Wanted PCT - Time Play
Normal Forward
1 - 32% - 37% - 16:14
2 - 32% - 31% - 16:29
3 - 27% - 25% - 13:47
4 - 9% - 7% - 4:30
Normal Defense
1 - 39% - 36% - 19:45
2 - 32% - 31% - 16:14
3 - 22% - 23% - 11:20
4 - 7% - 10% - 3:41
PP Forward
1 - 58% - 55% - 2:56
2 - 42% - 45% - 2:06
PP Defense
1 - 51% - 55% - 2:33
2 - 49% - 45% - 2:29
PK Forward
1 - 59% - 55% - 2:20
2 - 41% - 45% - 1:38
PK Defense
1 - 30% - 55% - 1:12
2 - 70% - 45% - 2:46
PK3 Forward
1 - 0% - 55%
2 - 0% - 45%
PK3 Defense
1 - 0% - 55%
2 - 0% - 45%
44 Forward
1 - 0% - 55%
2 - 0% - 45%
44 Defense
1 - 0% - 55%
2 - 0% - 45%
Last Minute Offensive  - 0:00
Last Minute Defensive  - 0:00
Total
Forward - 60:00
Defense - 60:00
Play-by-Play 1st period 0:01 of 1st period - Nicklas Backstrom wins face-off versus Sean Couturier in neutral zone. 0:12 of 1st period - Sean Couturier is hit by Teuvo Teravainen and loses puck. 0:25 of 1st period - Shot by Teuvo Teravainen. 0:25 of 1st period - Shot Misses the Net. 0:27 of 1st period - Shot by Teuvo Teravainen. 0:27 of 1st period - Deflect By T.J. Oshie. 0:27 of 1st period - Goal by T.J. Oshie - KANSAS CITY KILLERBEES : 0 - PHOENIX MUSTANGS : 1. 0:28 of 1st period - Paul Stastny wins face-off versus Kevin Hayes in neutral zone. 0:43 of 1st period - Icing by Justin Faulk. 0:44 of 1st period - Charlie Coyle wins face-off versus Kevin Hayes in PHOENIX MUSTANGS zone. 0:48 of 1st period - Minor Penalty to Jake Gardiner for Interference. 0:49 of 1st period - Sean Couturier wins face-off versus Kevin Labanc in PHOENIX MUSTANGS zone. 1:14 of 1st period - Shot by Alexander DeBrincat. 1:14 of 1st period - Shot Misses the Net. 1:16 of 1st period - Shot by Mark Stone. 1:16 of 1st period - Stopped by Garret Sparks without a rebound. 1:17 of 1st period - Jeff Carter wins face-off versus Charlie Coyle in PHOENIX MUSTANGS zone. 2:58 of 1st period - Shot by Teuvo Teravainen. 2:58 of 1st period - Stopped by John Gibson without a rebound. 2:59 of 1st period - Charlie Coyle wins face-off versus Kevin Hayes in KANSAS CITY KILLERBEES zone. 2:59 of 1st period - Charlie Coyle is hit by Phil Kessel. 4:13 of 1st period - Icing by Kevin Labanc. 4:14 of 1st period - Jeff Carter wins face-off versus Paul Stastny in PHOENIX MUSTANGS zone. 4:41 of 1st period - Artturi Lehkonen is hit by Jake Gardiner. 4:43 of 1st period - Shot by William Nylander. 4:43 of 1st period - Shot Misses the Net. 4:45 of 1st period - Shot by Hampus Lindholm. 4:45 of 1st period - Stopped by Garret Sparks without a rebound. 4:46 of 1st period - Sean Couturier wins face-off versus Nicklas Backstrom in PHOENIX MUSTANGS zone. 5:00 of 1st period - Nicklas Backstrom is hit by Calvin De Haan and loses puck. 5:05 of 1st period - Shot by Alexander DeBrincat. 5:05 of 1st period - Shot Blocked by Teuvo Teravainen. 5:36 of 1st period - Minor Penalty to Alexander DeBrincat for Hooking. 5:37 of 1st period - Charlie Coyle wins face-off versus Kevin Hayes in KANSAS CITY KILLERBEES zone. 6:00 of 1st period - Shot by Justin Faulk. 6:00 of 1st period - Shot Blocked by Hampus Lindholm. 6:55 of 1st period - Shot by T.J. Oshie. 6:55 of 1st period - Shot Hit the Post. 6:57 of 1st period - Shot by T.J. Oshie. 6:57 of 1st period - Stopped by John Gibson without a rebound. 6:58 of 1st period - Charlie Coyle wins face-off versus Kevin Labanc in KANSAS CITY KILLERBEES zone. 7:08 of 1st period - Off-side. 7:09 of 1st period - Charlie Coyle wins face-off versus Kevin Labanc in neutral zone. 9:24 of 1st period - Shot by Jeff Carter. 9:24 of 1st period - Deflect By Jesper Fast. 9:24 of 1st period - Stopped by John Gibson without a rebound. 9:25 of 1st period - Artturi Lehkonen wins face-off versus Jeff Carter in KANSAS CITY KILLERBEES zone. 9:32 of 1st period - Jesper Fast is hit by Artturi Lehkonen and loses puck. 10:29 of 1st period - Shot by Charlie Coyle. 10:29 of 1st period - Stopped by Garret Sparks with a rebound. 12:30 of 1st period - Shot by T.J. Oshie. 12:30 of 1st period - Shot Blocked by Hampus Lindholm. 12:33 of 1st period - Icing by Hampus Lindholm. 12:34 of 1st period - Kevin Hayes wins face-off versus Sean Couturier in KANSAS CITY KILLERBEES zone. 13:03 of 1st period - Alexander Steen is hit by Mark Stone and loses puck. 13:18 of 1st period - Shot by Alexander Steen. 13:18 of 1st period - Shot Misses the Net. 13:58 of 1st period - Shot by Paul Stastny. 13:58 of 1st period - Stopped by Garret Sparks with a rebound. 14:39 of 1st period - Oscar Fantenberg is hit by Dylan DeMelo and loses puck. 14:43 of 1st period - Icing by Charlie Coyle. 14:44 of 1st period - Kevin Hayes wins face-off versus Charlie Coyle in KANSAS CITY KILLERBEES zone. 14:48 of 1st period - Alexander Steen is hit by Dylan DeMelo and loses puck. 14:59 of 1st period - Shot by Alexander Steen. 14:59 of 1st period - Stopped by John Gibson with a rebound. 15:11 of 1st period - Shot by Phil Kessel. 15:11 of 1st period - Shot Misses the Net. 15:35 of 1st period - Shot by Greg McKegg. 15:35 of 1st period - Shot Misses the Net. 15:37 of 1st period - Shot by Jacob de la Rose. 15:37 of 1st period - Shot Misses the Net. 15:58 of 1st period - Icing by Dennis Cholowski. 15:59 of 1st period - Kevin Hayes wins face-off versus Paul Stastny in PHOENIX MUSTANGS zone. 17:08 of 1st period - Shot by Nicklas Backstrom. 17:08 of 1st period - Shot Blocked by Rasmus Andersson. 17:10 of 1st period - Shot by Justin Faulk. 17:10 of 1st period - Stopped by John Gibson without a rebound. 17:11 of 1st period - Jeff Carter wins face-off versus Kyle Brodziak in KANSAS CITY KILLERBEES zone. 17:20 of 1st period - Shot by Kyle Brodziak. 17:20 of 1st period - Shot Misses the Net. 17:22 of 1st period - Shot by Hampus Lindholm. 17:22 of 1st period - Shot Blocked by Oscar Fantenberg. 17:32 of 1st period - Shot by Greg McKegg. 17:32 of 1st period - Shot Misses the Net. 17:34 of 1st period - Shot by Hampus Lindholm. 17:34 of 1st period - Stopped by Garret Sparks without a rebound. 17:35 of 1st period - Nicklas Backstrom wins face-off versus Paul Stastny in PHOENIX MUSTANGS zone. 17:35 of 1st period - Nicklas Backstrom is hit by Paul Stastny. 17:55 of 1st period - Shot by T.J. Oshie. 17:55 of 1st period - Shot Misses the Net. 17:57 of 1st period - Shot by Nicklas Backstrom. 17:57 of 1st period - Shot Misses the Net. 18:39 of 1st period - Icing by Jesper Fast. 18:40 of 1st period - Jesper Fast wins face-off versus Alexander DeBrincat in PHOENIX MUSTANGS zone. 18:56 of 1st period - Icing by Mark Stone. 18:57 of 1st period - Kevin Hayes wins face-off versus Sean Couturier in KANSAS CITY KILLERBEES zone. 18:57 of 1st period - Alexander Steen is hit by Calvin De Haan and loses puck. 19:22 of 1st period - Shot by Phil Kessel. 19:22 of 1st period - Shot Blocked by Rasmus Andersson. Goals for this period are 0 for KANSAS CITY KILLERBEES vs 1 for PHOENIX MUSTANGS. Shots for this period are 5 for KANSAS CITY KILLERBEES vs 6 for PHOENIX MUSTANGS. 2nd period 0:01 of 2nd period - William Nylander wins face-off versus Nicklas Backstrom in neutral zone. 0:08 of 2nd period - Shot by Artturi Lehkonen. 0:08 of 2nd period - Shot Misses the Net. 0:37 of 2nd period - Justin Faulk is hit by William Nylander and loses puck. 1:19 of 2nd period - Shot by Kevin Labanc. 1:19 of 2nd period - Shot Misses the Net. 1:21 of 2nd period - Shot by Kevin Labanc. 1:21 of 2nd period - Shot Misses the Net. 1:23 of 2nd period - Shot by Kevin Labanc. 1:23 of 2nd period - Shot Blocked by Rasmus Andersson. 1:25 of 2nd period - Shot by Jesper Fast. 1:25 of 2nd period - Stopped by John Gibson with a rebound. 1:27 of 2nd period - Shot by Jeff Carter. 1:27 of 2nd period - Stopped by John Gibson without a rebound. 1:28 of 2nd period - Kevin Hayes wins face-off versus Charlie Coyle in KANSAS CITY KILLERBEES zone. 1:55 of 2nd period - Shot by Alexander Steen. 1:55 of 2nd period - Stopped by John Gibson without a rebound. 1:56 of 2nd period - Nicklas Backstrom wins face-off versus Sean Couturier in KANSAS CITY KILLERBEES zone. 2:12 of 2nd period - Off-side. 2:13 of 2nd period - Kyle Brodziak wins face-off versus Jeff Carter in neutral zone. 3:06 of 2nd period - Shot by Charlie Coyle. 3:06 of 2nd period - Stopped by Garret Sparks with a rebound. 3:08 of 2nd period - Shot by Dylan DeMelo. 3:08 of 2nd period - Stopped by Garret Sparks without a rebound. 3:09 of 2nd period - Sean Couturier wins face-off versus Nicklas Backstrom in PHOENIX MUSTANGS zone. 3:32 of 2nd period - Icing by Mark Stone. 3:33 of 2nd period - Kevin Hayes wins face-off versus Sean Couturier in KANSAS CITY KILLERBEES zone. 3:36 of 2nd period - Shot by Phil Kessel. 3:36 of 2nd period - Shot Blocked by Mark Stone. 4:33 of 2nd period - Nicklas Backstrom is hit by Mark Stone and loses puck. 5:08 of 2nd period - Shot by Paul Stastny. 5:08 of 2nd period - Goal by Paul Stastny - KANSAS CITY KILLERBEES : 1 - PHOENIX MUSTANGS : 1. 5:09 of 2nd period - Jeff Carter wins face-off versus Charlie Coyle in neutral zone. 5:13 of 2nd period - Kevin Labanc is hit by Colin Miller and loses puck. 5:36 of 2nd period - Shot by Charlie Coyle. 5:36 of 2nd period - Deflect By Mattias Janmark. 5:36 of 2nd period - Stopped by Garret Sparks with a rebound. 6:40 of 2nd period - Icing by Paul Stastny. 6:41 of 2nd period - Paul Stastny wins face-off versus Kevin Hayes in KANSAS CITY KILLERBEES zone. 7:10 of 2nd period - Shot by Alexander Steen. 7: